 Dungeon Sprint DCSS version 0.24-a0-246-gb963c9a (webtiles) character file.

Game seed: 12427196981246564534

1490 MikeHunt the Brawler (level 8, -6/69 HPs)
             Began as a Ghoul Monk on Apr 12, 2019.
             Was a High Priest of Cheibriados.
             Killed by dispel undead
             ... invoked by Josephine
              (36 damage)
             ... in the Dungeon (Sprint III: "The Ten Rune Challenge").
             The game lasted 00:04:18 (329 turns).

MikeHunt the Brawler (Ghoul Monk)                    Turns: 329, Time: 00:04:19

Health: -6/69      AC:  2    Str: 27    XL:     8   Next: 80%
Magic:  9/12       EV: 16    Int: 17    God:    Cheibriados [*****.]
Gold:   41         SH:  0    Dex: 25    Spells: 7/7 levels left

rFire    . . .     SeeInvis .     - Unarmed
rCold    + . .     Gourm    .   (no shield)
rNeg     + + +     Faith    .   a - +0 robe
rPois    ∞         Spirit   .   (no helmet)
rElec    .         Reflect  .   (no cloak)
rCorr    .         Harm     .   (no gloves)
MR       .....     NoTele   +   (no boots)
Stlth    ++++......             (no amulet)
HPRegen  0.00/turn              (no ring)
MPRegen  0.13/turn              (no ring)

@: rotting, very slow
A: rotting body, claws 1, carnivore, cold resistance 1, negative energy
resistance 3, inhibited regeneration, torment resistance, unbreathing
a: Bend Time, Temporal Distortion, Slouch, Step From Time, Renounce Religion


You were in the Dungeon.
You worshipped Cheibriados.
Cheibriados was extremely pleased with you.
You were not hungry.

You visited 1 branch You collected 41 gold pieces.

Inventory:

Missiles
 k - 8 stones (quivered)
Armour
 a - a +0 robe (worn)
Scrolls
 h - a scroll of blinking
 i - a scroll of magic mapping {unknown}
 m - 2 scrolls of torment {unknown}
 n - 4 scrolls of identify
 o - 2 scrolls of remove curse {unknown}
Potions
 c - 2 potions of curing
 d - a potion of heal wounds
 e - a potion of haste
 f - 2 potions of magic
 g - 2 potions of berserk rage
 l - 3 potions of mutation {unknown}
 p - 2 potions of flight {unknown}
Comestibles
 b - 4 rations


   Skills:
 + Level 5.5 Fighting
 + Level 4.6 Dodging
 - Level 7.3 Stealth
 - Level 16.5 Unarmed Combat
 + Level 7.0 Invocations


You had 7 spell levels left.
You didn't know any spells.
Your spell library contained the following spells:

 Spells                   Type           Power        Failure   Level  Hunger
 Magic Dart               Conj           #...         24%         1    ##.....
 Blink                    Tloc           N/A          34%         2    ###....
 Call Imp                 Summ           #.......     34%         2    ###....
 Slow                     Hex            #.......     34%         2    ###....
 Conjure Flame            Conj/Fire      #.......     56%         3    ####...
 Mephitic Cloud           Conj/Pois/Air  #.......     56%         3    ####...


Dungeon Overview and Level Annotations

Branches:
Dungeon (1/1)

Altars:
Cheibriados
Dithmenos
Elyvilon
Fedhas
Gozag
Hepliaklqana
Kikubaaqudgha
Makhleb
Nemelex Xobeh
Okawaru
Qazlal
Ru
Sif Muna
Trog
Uskayaw
Vehumet
Wu Jian
Xom
Yredelemnul
Zin
The Shining One
Beogh
Jiyva
Lugonu

Shops:
D }

Annotations:
D Josephine


Innate Abilities, Weirdness & Mutations

Your body is rotting away.
You thrive on raw meat.
You are immune to poison.
You have sharp fingernails.
You are carnivorous and can eat meat at any time.
Your flesh is cold resistant. (rC+)
You are immune to negative energy. (rN+++)
You do not regenerate when monsters are visible.
You are immune to unholy pain and torment.
You can survive without breathing.


Message History

Josephine closely misses you.
There is an open door here.
The flow of time bends around you.
Cheibriados rebukes the orc.
The orc seems to slow down.
Josephine resists with some effort.
You feel slightly more hungry.
An orc warrior comes into view. It is wielding a +0 dire flail.
Josephine hits you but does no damage. The orc misses you.
You claw Josephine! You claw Josephine.
Josephine is moderately wounded.
Josephine hits you with a +0 dagger of speed.
You claw Josephine!
Josephine is heavily wounded.
Josephine closely misses you. The orc hits you with a +0 club.
You completely miss Josephine.
Josephine is heavily wounded.
Josephine gestures at you while chanting.
You convulse!
Ouch! That really hurt!
You die...

▓▓▓ ##.############
####..#___#___#__#$#$$#
#..#..#.).#__)#._#..o.
#..#..###'#'###(##$..o
##'#..#..(.......#.oo
###...'.⌠..)..)))#.o#
###..÷#...######@#.$
##....#.⌠.#__#.o@#'####
#.....#...#__#..o#..≈≈§
......#'###__#...#.#§≈≈#
#.....#.).#__#...(.# #
##....#___#__'...#.#
▓▓▓▓▓▓▓▓▓▓▓▓▓▓▓▓▓▓▓


You could see Josephine, an orc warrior and an orc.

Vanquished Creatures
  A deep elf mage (D)
  A shadow (D)
  A spatial vortex (D)
  An orc warrior (D)
  A necrophage (D)
  A water elemental (D)
  A scorpion (D)
  An orc priest (D)
  A jelly (D)
  A wizard (D)
  Jessica (D)
  3 orc wizards (D)
  A necromancer (D)
  3 humans (D)
  A kobold demonologist (D)
  An ooze (D)
  An orc (D)
  2 rats (D)
23 creatures vanquished.

Vanquished Creatures (others)
  2 draconian scorchers (D)
  6 hellions (D)
  A yaktaur (D)
9 creatures vanquished.

Grand Total: 32 creatures vanquished

Notes
Turn   | Place    | Note
-------+----------+-------------------------------------------
     0 | D        | MikeHunt the Ghoul Monk began the quest for the Orb.
     0 | D        | Reached XP level 1. HP: 19/19 MP: 0/0
    12 | D        | Reached skill level 5 in Unarmed Combat
    25 | D        | Noticed Jessica
    29 | D        | Killed Jessica
    29 | D        | Reached skill level 7 in Unarmed Combat
    29 | D        | Reached XP level 2. HP: 26/26 MP: 1/1
    29 | D        | Reached XP level 3. HP: 31/31 MP: 2/2
    75 | D        | Reached skill level 8 in Unarmed Combat
    80 | D        | Noticed a scorpion
    86 | D        | Killed a scorpion
    86 | D        | Reached skill level 10 in Unarmed Combat
    86 | D        | Reached XP level 4. HP: 34/38 MP: 3/3
   108 | D        | Noticed a water elemental
   117 | D        | Killed a water elemental
   117 | D        | Reached skill level 11 in Unarmed Combat
   117 | D        | Reached XP level 5. HP: 36/45 MP: 4/4
   129 | D        | Killed a hellion
   130 | D        | Killed a hellion
   131 | D        | Killed a hellion
   136 | D        | Reached skill level 12 in Unarmed Combat
   138 | D        | Noticed a shadow
   140 | D        | Killed a shadow
   140 | D        | Reached skill level 14 in Unarmed Combat
   140 | D        | Reached XP level 6. HP: 48/51 MP: 5/5
   142 | D        | Killed a hellion
   142 | D        | Killed a hellion
   143 | D        | Killed a hellion
   144 | D        | Found a blossoming altar of Fedhas.
   144 | D        | Found a stormy altar of Qazlal.
   145 | D        | Found a snail-covered altar of Cheibriados.
   145 | D        | Found a burning altar of Makhleb.
   145 | D        | Found a hazy altar of Hepliaklqana.
   145 | D        | Found a shimmering altar of Xom.
   145 | D        | Found an opulent altar of Gozag.
   145 | D        | Found a sparkling altar of Nemelex Xobeh.
   145 | D        | Found a corrupted altar of Lugonu.
   145 | D        | Found a viscous altar of Jiyva.
   145 | D        | Noticed a spatial vortex
   147 | D        | Became a worshipper of Cheibriados the Contemplative
   147 | D        | Reached * piety under Cheibriados
   147 | D        | Reached ** piety under Cheibriados
   150 | D        | Killed a white draconian scorcher
   153 | D        | Killed a spatial vortex
   153 | D        | Reached skill level 15 in Unarmed Combat
   153 | D        | Reached XP level 7. HP: 55/57 MP: 6/6
   168 | D        | Found a basalt altar of Yredelemnul.
   168 | D        | Found a shadowy altar of Dithmenos.
   168 | D        | Found a sacrificial altar of Ru.
   172 | D        | Reached *** piety under Cheibriados
   175 | D        | Killed a white draconian scorcher
   176 | D        | Killed a yaktaur
   185 | D        | Found a radiant altar of Vehumet.
   186 | D        | Found a deep blue altar of Sif Muna.
   186 | D        | Found an ancient bone altar of Kikubaaqudgha.
   187 | D        | Reached skill level 1 in Invocations
   189 | D        | Reached **** piety under Cheibriados
   204 | D        | Found a glowing silver altar of Zin.
   204 | D        | Found a glowing golden altar of the Shining One.
   204 | D        | Found a white marble altar of Elyvilon.
   205 | D        | Noticed a deep elf mage
   209 | D        | Killed a deep elf mage
   209 | D        | Reached skill level 16 in Unarmed Combat
   209 | D        | Reached skill level 5 in Invocations
   209 | D        | Reached XP level 8. HP: 63/63 MP: 7/10
   213 | D        | Found a hide-covered altar of Uskayaw.
   213 | D        | Found a roughly hewn altar of Beogh.
   213 | D        | Found an iron altar of Okawaru.
   213 | D        | Found a bloodstained altar of Trog.
   213 | D        | Found an ornate altar of the Wu Jian Council.
   244 | D        | Found Ufeg's Gadget Boutique.
   244 | D        | Noticed an orc sorcerer
   267 | D        | Reached skill level 5 in Fighting
   306 | D        | Reached ***** piety under Cheibriados
   314 | D        | Noticed Josephine
   329 | D        | Killed from afar by Josephine

Levels and vault maps discovered:
D:        dungeon_sprint_mu [sprint_mu_entry_cave, sprint_mu_temple_rooms,
          sprint_mu_d1_horrors, sprint_mu_d2_genie, sprint_mu_d3_branching,
          sprint_mu_orc_legion, sprint_mu_elf_gauntlet, sprint_mu_hive_nellie,
          sprint_mu_lair_fedhas, sprint_mu_vaults_butterflies,
          sprint_mu_slime_circle, sprint_mu_swamp_cave, sprint_mu_snake_twists,
          sprint_mu_blade_basic, sprint_mu_crypt_chambers,
          sprint_mu_tomb_spiral, sprint_mu_vestibule_basic,
          sprint_mu_gehenna_hellfire, sprint_mu_dis_giant,
          sprint_mu_tartarus_statrot, sprint_mu_cocytus_islands, sprint_mu_zot1]

Skill      XL: |  1  2  3  4  5  6  7  8 |
---------------+-------------------------+-----
Unarmed Combat | 7 10 11 14 15 16 | 16.5
Invocations    | 5 7 |  7.0
Stealth        | 6 7 |  7.3
Fighting       | 5 |  5.5
Dodging        | 4 |  4.6

Action                   |  1- 3 |  4- 6 |  7- 9 || total
-------------------------+-------+-------+-------++-------
Melee: Unarmed           |    20 |    16 |    32 ||    68
       Punch             |     1 |     3 |     5 ||     9
Throw: Stone             |     1 |       |       ||     1
Invok: Bend Time         |       |       |     2 ||     2
       Slouch            |       |       |     1 ||     1
 Stab: Sleeping          |     2 |     1 |     2 ||     5
  Eat: Chunk             |     2 |     1 |    11 ||    14
Armor: Robe              |     1 |     1 |     1 ||     3
Dodge: Dodged            |    10 |     9 |    11 ||    30

Table legend:
 A = Non-vault XP
 B = Vault XP
 C = Vault XP percentage of total XP
 D = Non-vault monster count
 E = Vault monster count
 F = Vault count percentage of total count
                 A         B        C        D         E       F
            +---------+---------+-------+---------+---------+-------
      Total |       0 |    2129 | 100.0 |       0 |      23 | 100.0
            +---------+---------+-------+---------+---------+-------
          D |       0 |    2129 | 100.0 |       0 |      23 | 100.0
            +---------+---------+-------+---------+---------+-------
